 Dungeon Crawl Stone Soup version 0.31.0-32-g396128a36d (webtiles) character file.

Game seed: 11130799854108843711

507 ANNNA the Trooper (level 6, -5/76 (84) HPs)
             Began as a Minotaur Berserker on Apr 18, 2024.
             Was a Priest of Trog.
             Slain by a wight
             ... wielding a +4 great sword
              (21 damage)
             ... in an ossuary.
             The game lasted 00:07:54 (4025 turns).

ANNNA the Trooper (Minotaur Berserker)              Turns: 4025, Time: 00:07:55

HP:   -5/76 (84)    AC: 10    Str: 24    XL:     6   Next: 97%
MP:   6/6           EV:  9    Int:  4    God:    Trog [***...]
Gold: 198           SH:  0    Dex:  9    Spells: 5/5 levels left

rFire   . . .        C - +4 hand axe
rCold   . . .        (no shield)
rNeg    . . .        l - +0 chain mail
rPois   .            (helmet restricted)
rElec   .            u - +0 cloak
rCorr   .            (no gloves)
SInv    .            (no boots)
Will    +++..        k - amulet of regeneration Stlth
                     j - ring of willpower
HPRegen 2.12/turn    (no ring)
MPRegen 0.10/turn

%: no passive effects
@: berserking, strong-willed, regenerating, drained, very quick
A: horns 2, retaliatory headbutt
a: Renounce Religion, Berserk, Trog's Hand


You were in an ossuary.
You worshipped Trog.
Trog was most pleased with you.
You visited 1 branch of the dungeon, and saw 5 of its levels.
You also visited: Ossuary.

You collected 198 gold pieces.

Inventory:

Hand Weapons
 C - a +4 hand axe (weapon)
Missiles
 d - 60 stones (quivered)
 g - 14 poisoned darts
 y - 6 curare-tipped darts
Armour
 l - a +0 chain mail (worn)
 u - a +0 cloak (worn)
Jewellery
 j - a ring of willpower (left hand)
 k - an amulet of regeneration (around neck)
Wands
 r - a wand of polymorph (7)
 B - a wand of flame (24)
Scrolls
 b - 3 scrolls of blinking
 c - 3 scrolls of vulnerability {unknown}
 f - 2 scrolls of identify {unknown}
 h - 3 scrolls of teleportation {unknown}
 i - a scroll of immolation
 o - a scroll of fog {unknown}
 q - 3 scrolls of brand weapon {unknown}
 w - a scroll of enchant armour {unknown}
 x - a scroll of noise {unknown}
 z - a scroll of revelation {unknown}
Potions
 e - 6 potions of degeneration {unknown}
 m - 2 potions of cancellation {unknown}
 n - 2 potions of enlightenment {unknown}
 p - a potion of heal wounds {unknown}
 s - a potion of curing {unknown}
 t - a potion of berserk rage {unknown}
 v - a potion of lignification {unknown}
 A - a potion of attraction {unknown}


   Skills:
 * Level 5.3 Fighting
 * Level 5.3 Axes
 * Level 4.5 Armour
 * Level 4.1 Dodging
 + Level 1.7 Stealth
 + Level 2.0 Invocations


You had 5 spell levels left.
You didn't know any spells.
Your spell library was empty.

Dungeon Overview and Level Annotations

Branches:
Dungeon (5/15)            Ossuary (1/1)
 Temple: D:4-7

Altars:
Elyvilon
Uskayaw
Vehumet
Wu Jian

Annotations:
D:5 1 runed translucent door, ZingZang1235's ghost, novice HOFi


Innate Abilities, Weirdness & Mutations

You have a pair of horns on your head.
You reflexively headbutt those who attack you in melee.


Message History

A wight comes into view. It is wielding a +3 halberd.
The wight moves out of view.
A burial acolyte comes into view. It is wielding a +0 dagger.
You see here a smoky red potion.
The burial acolyte utters a dark prayer and points at you.
Your life force is offered up.
Something unseen opens the door.
A wight comes into view. It is wielding a +4 great sword.
The burial acolyte drones a funeral chant.
The wight is empowered.
There is an open door here.
There is an open door here.
Press: ? - help, v - describe, . - travel
Here: a burial acolyte, wielding a +0 dagger and wearing a +0 robe The floor.
The wight attacks as it pursues you!
The wight hits you with a +4 great sword.
The burial acolyte recites a funeral chant.
The wight is empowered. x2
There is an open door here.
The wight closely misses you. The wight attacks as it pursues you!
The wight barely misses you. The wight attacks as it pursues you!
The wight hits you from afar with a +3 halberd.
The wight hits you with a +4 great sword!!
You feel drained.
Your skin crawls.
You feel strong-willed.
The wight hits you from afar with a +3 halberd!
* * * LOW HITPOINT WARNING * * *
The wight closely misses you. You furiously retaliate!
You headbutt the wight.
A red film seems to cover your vision as you go berserk!
You feel yourself moving faster!
You feel mighty!
The wight no longer looks unusually strong.
The wight is no longer moving quickly.
The wight no longer looks unusually strong.
The wight is no longer moving quickly.
The wight hits you from afar with a +3 halberd.
* * * LOW HITPOINT WARNING * * *
The wight hits you with a +4 great sword!!
You die...

##. #.# #.# #.# ##. .♣# ## ..#
###. ..# ############## #... ..
#.z@.........# ##.. .. ###
#####z######'##### ##... .# #z#
#.....##.#)#.#.#.###....
.#♣#######.8p♣.##'#'#'##'###.....
.'.....'.......♣...).......'.....
.#♣#######.♣.8.###[##'#'#'##.....
.# #z# #.....##.#.#.#.#.###...∩
..#### #####'####'####### ##...
..# #............# ##..


You could see a burial acolyte and 2 wights.

Vanquished Creatures
  An ogre (D:3)
  2 wights (Ossuary)
  A howler monkey (D:4)
  A hound (D:4)
  A bombardier beetle (D:3)
  2 iguanas
  A mummy (D:5)
  6 adders
  2 ufetubi (D:5)
  2 dart slugs
  A ribbon worm (D:2)
  4 orcs
  4 ball pythons
  6 endoplasms
  4 giant cockroaches
  9 hobgoblins
  6 jackals (D:1)
  A quokka (D:4)
  7 bats
  5 frilled lizards
  9 goblins
  3 hobgoblin skeletons (Ossuary)
  6 kobolds
  3 orc skeletons (Ossuary)
  5 rats
92 creatures vanquished.

Notes
Turn   | Place    | Note
-------+----------+-------------------------------------------
     0 | D:1      | ANNNA the Minotaur Berserker began the quest for the Orb.
     0 | D:1      | Reached XP level 1. HP: 19/19 MP: 0/0
   116 | D:1      | Reached XP level 2. HP: 12/27 MP: 1/1
   315 | D:1      | Found a faded altar of an unknown god.
   476 | D:1      | Reached ** piety under Trog
   536 | D:1      | Reached XP level 3. HP: 31/33 MP: 2/2
  1779 | D:3      | Reached XP level 4. HP: 40/40 MP: 3/3
  1944 | D:3      | Reached skill level 1 in Invocations
  2049 | D:3      | Noticed an ogre
  2116 | D:3      | Killed an ogre
  2117 | D:3      | Reached skill level 1 in Stealth
  2117 | D:3      | Reached XP level 5. HP: 44/47 MP: 4/4
  2585 | D:4      | Found a hide-covered altar of Uskayaw.
  2710 | D:4      | Reached skill level 5 in Fighting
  2710 | D:4      | Reached XP level 6. HP: 40/56 MP: 6/6
  2785 | D:4      | Identified the +2 cloak "Kuyplob" {Harm rF- Str+2}
  3413 | D:4      | Found an ornate altar of the Wu Jian Council.
  3413 | D:4      | Found a white marble altar of Elyvilon.
  3571 | D:5      | Entered Level 5 of the Dungeon
  3576 | D:5      | Reached skill level 5 in Axes
  3657 | D:5      | Found a runed translucent door.
  3657 | D:5      | Noticed ZingZang1235's ghost (novice HOFi)
  3722 | D:5      | Found a radiant altar of Vehumet.
  3765 | D:5      | Found a sand-covered staircase.
  3771 | D:5      | Reached *** piety under Trog
  3812 | Ossuary  | Entered an ossuary
  4025 | Ossuary  | Slain by a wight

Illustrated notes

Levels and vault maps discovered:
D:1:      dpeg_arrival_arbitrary_c, layout_basic,
          hellmonk_ecumenical_altar_blasted
D:2:      layout_basic, grunt_ministairs_9, minmay_tromino_i4
D:3:      layout_basic, kennysheep_generic_room_6
D:4:      layout_layer_cave, mainiacjoe_overflow_surrounded_room,
          gammafunk_temple_overflow_elements, chequers_serial_rivers_large_b
D:5:      layout_layer_cave, led_sif_book, beargit_hepliaklqana_dungeon_heroes,
          vehumet_altar_wand_db, hellmonk_ghost_happy_afterlife,
          gup_ossuary_entry_pyramid
Ossuary:  ossuary_due_cavern

Skill      XL: |  1  2  3  4  5  6 |
---------------+-------------------+-----
Armour         | 3 4 |  4.5
Fighting       | 4 5 |  5.3
Axes           | 4 5 |  5.3
Invocations    | 1 2 |  2.0
Dodging        | 3 4 |  4.1
Stealth        | 1 |  1.7

Action                     |  1- 3 |  4- 6 || total
---------------------------+-------+-------++-------
  Melee: Hand axe          |    94 |   113 ||   207
         Headbutt          |    12 |    20 ||    32
 Invoke: Berserk           |       |     4 ||     4
         Trog's Hand       |       |     2 ||     2
    Use: Scroll            |       |     1 ||     1
 Armour: Animal skin       |    35 |       ||    35
         Chain mail        |    22 |   101 ||   123
  Dodge: Dodged            |    66 |    64 ||   130
